A - U25
COLUMBIA FIREFLIES @ ASHEVILLE TOURISTS
05/27/2052
 
TOP OF THE 1ST
Greenville Drive batting - Pitching for Columbia Fireflies : LHP Giorgi Beridze
Pitching: LHP Giorgi Beridze
Batting: RHB Carson Artz 0-0: SOLO HOME RUN (Flyball, 7LD, EV 90.6 MPH), Distance : 332 ft
Batting: RHB Elijah Giles 0-0: Called Strike
0-1: Ground out 5-3 (Groundball, 56, EV 101.3 MPH)
Batting: RHB Bryant Seifert 0-0: Ball
1-0: Ball
2-0: Swinging Strike
2-1: Ball
3-1: Foul Ball, location: 2F
3-2: Foul Ball, location: 9LMFF
3-2: Fly out, F6 (Popup, 6MD, EV 65.6 MPH)
Batting: SHB Saul Monaco 0-0: Ball
1-0: Ball
2-0: Swinging Strike
2-1: Swinging Strike
2-2: Foul Ball, location: 2F
2-2: Foul Ball, location: 2RF
2-2: Strikes out looking
Top of the 1st over - 1 run, 1 hit, 0 errors, 0 left on base; Greenville 1 - Columbia 0
BOTTOM OF THE 1ST
Columbia Fireflies batting - Pitching for Greenville Drive : RHP Nolan Donovan
Pitching: RHP Nolan Donovan
Batting: RHB Josh Kinney 0-0: Fly out, F7 (Flyball, 78S, EV 96.3 MPH)
Batting: RHB Travis Gallagher 0-0: Ball
1-0: Ball
2-0: Ball
3-0: Called Strike
3-1: Foul Ball, location: 2F
3-2: Foul Ball, location: 2F
3-2: Foul Ball, location: 7LMF
3-2: Base on Balls
Batting: LHB Alexander Sasso 0-0: Called Strike
0-1: Swinging Strike
0-2: Ball
1-2: Foul Ball, location: 3F
1-2: Ball
2-2: Foul Ball, location: 9LDF
2-2: Ball
3-2: Strikes out swinging
Batting: LHB Austin Pantoja 0-0: Called Strike
0-1: Ball
1-1: Ball
2-1: Ball
3-1: Fly out, F3 (Popup, 34S, EV 87.5 MPH)
Bottom of the 1st over - 0 runs, 0 hits, 0 errors, 1 left on base; Greenville 1 - Columbia 0
TOP OF THE 2ND
Greenville Drive batting - Pitching for Columbia Fireflies : LHP Giorgi Beridze
Batting: SHB Lincoln Borchardt 0-0: Ball
1-0: Ground out 4-3 (Groundball, 4, EV 102.5 MPH)
Batting: LHB Daniel Lugo 0-0: Ball
1-0: Ground out 6-3 (Groundball, 6, EV 93.1 MPH)
Batting: LHB Edgar Villareal 0-0: Ball
1-0: Ball
2-0: Ground out U3 (Groundball, 3, EV 85.0 MPH)
Top of the 2nd over - 0 runs, 0 hits, 0 errors, 0 left on base; Greenville 1 - Columbia 0
BOTTOM OF THE 2ND
Columbia Fireflies batting - Pitching for Greenville Drive : RHP Nolan Donovan
Batting: RHB Chris Thurman 0-0: Ball
1-0: Foul Ball, location: 2F
1-1: Swinging Strike
1-2: Ground out 6-3 (Groundball, 6M, EV 93.1 MPH)
Batting: SHB Rafael Angeles 0-0: Ball
1-0: Called Strike
1-1: Ball
2-1: Foul Ball, location: 5FF
2-2: Ball
3-2: Strikes out swinging, 2-3 out at first.
Batting: RHB Lennon Hoth 0-0: Ball
1-0: Called Strike
1-1: Swinging Strike
1-2: Ball
2-2: Strikes out swinging
Bottom of the 2nd over - 0 runs, 0 hits, 0 errors, 0 left on base; Greenville 1 - Columbia 0
TOP OF THE 3RD
Greenville Drive batting - Pitching for Columbia Fireflies : LHP Giorgi Beridze
Batting: LHB Elvin Helm 0-0: Ball
1-0: Ball
2-0: Called Strike
2-1: Foul Ball, location: 7LDF
2-2: Ball
3-2: Foul Ball, location: 23FF
3-2: Base on Balls
Batting: LHB Hector Herrera 0-0: Ball
1-0: Sac Bunt to 3S - play at first, batter OUT! 3-1
Elvin Helm to second
Batting: RHB Carson Artz 0-0: Ball
1-0: Foul Ball, location: 2F
1-1: Fly out, F3 (Popup, 3S, EV 80.0 MPH)
Batting: RHB Elijah Giles 0-0: Foul Ball, location: 2F
0-1: Foul Ball, location: 5F
0-2: Reached on error, E3 (Groundball, 34, EV 91.9 MPH)
Batting: RHB Bryant Seifert 0-0: Foul Ball, location: 2F
0-1: SINGLE (Groundball, 6, EV 102.5 MPH)
Elvin Helm to third
Elijah Giles to second
Throwing error, E8
Elvin Helm scores
Elijah Giles to third
Bryant Seifert to second
Batting: SHB Saul Monaco 0-0: Ball
1-0: Called Strike
1-1: Ground out 4-3 (Groundball, 4M, EV 83.8 MPH)
Top of the 3rd over - 1 run, 1 hit, 2 errors, 2 left on base; Greenville 2 - Columbia 0
BOTTOM OF THE 3RD
Columbia Fireflies batting - Pitching for Greenville Drive : RHP Nolan Donovan
Batting: RHB Essie Marcy 0-0: Ball
1-0: Foul Ball, location: 2F
1-1: Foul Ball, location: 5SF
1-2: DOUBLE (Flyball, 8LXD, EV 108.8 MPH)
Batting: RHB Kyle Frenette 0-0: Called Strike
0-1: Ball
1-1: Ball
2-1: Foul Ball, location: 2F
2-2: Foul Ball, location: 2F
2-2: Strikes out swinging
Batting: RHB Josh Kinney 0-0: Called Strike
0-1: Ball
1-1: Ball
2-1: Foul Ball, location: 3F
2-2: Ball
3-2: Base on Balls
Batting: RHB Travis Gallagher 0-0: Called Strike
0-1: Called Strike
0-2: Fly out, F6 (Popup, 4MD, EV 48.8 MPH)
Batting: LHB Alexander Sasso 0-0: Ball
1-0: Foul Ball, location: 2LF
1-1: Foul Ball, location: 2F
1-2: Foul Ball, location: 7LSFF
1-2: Strikes out swinging
Bottom of the 3rd over - 0 runs, 1 hit, 0 errors, 2 left on base; Greenville 2 - Columbia 0
TOP OF THE 4TH
Greenville Drive batting - Pitching for Columbia Fireflies : LHP Giorgi Beridze
Batting: SHB Lincoln Borchardt 0-0: Ball
1-0: Called Strike
1-1: Called Strike
1-2: SINGLE (Groundball, 6MD, EV 95.6 MPH)
Batting: LHB Daniel Lugo 0-0: Called Strike
0-1: Fielders Choice at 2nd, 5-4 (Groundball, 56, EV 88.1 MPH)
Batting: LHB Edgar Villareal 0-0: Ball
1-0: Ball
2-0: SINGLE (Line Drive, 7S, EV 101.3 MPH)
Daniel Lugo to second
Batting: LHB Elvin Helm 0-0: Called Strike
0-1: Ball
1-1: Called Strike
1-2: Ball
2-2: Foul Ball, location: 2F
2-2: Strikes out swinging
Batting: LHB Hector Herrera 0-0: Called Strike
0-1: Foul Ball, location: 2F
0-2: Foul Ball, location: 2F
0-2: Ball
1-2: Strikes out swinging
Top of the 4th over - 0 runs, 2 hits, 0 errors, 2 left on base; Greenville 2 - Columbia 0
BOTTOM OF THE 4TH
Columbia Fireflies batting - Pitching for Greenville Drive : RHP Nolan Donovan
Batting: LHB Austin Pantoja 0-0: Ball
1-0: Ball
2-0: Ball
3-0: Called Strike
3-1: Fly out, F9 (Flyball, 9D, EV 97.5 MPH)
Batting: RHB Chris Thurman 0-0: Ball
1-0: Ball
2-0: Ball
3-0: Base on Balls
Batting: SHB Rafael Angeles 0-0: Fielders Choice at 2nd, 1-4 (Groundball, 15, EV 71.3 MPH)
Batting: RHB Lennon Hoth 0-0: Ball
1-0: Called Strike
1-1: Ball
2-1: Single, Error in OF, E9, batter to second base (Groundball, 34D, EV 100.0 MPH)
Rafael Angeles to third
Batting: RHB Essie Marcy Balk!
Rafael Angeles scores
Lennon Hoth to third
0-0: Ball
1-0: Ground out 6-3 (Groundball, 6, EV 105.0 MPH)
Bottom of the 4th over - 1 run, 1 hit, 1 error, 1 left on base; Greenville 2 - Columbia 1
TOP OF THE 5TH
Greenville Drive batting - Pitching for Columbia Fireflies : LHP Giorgi Beridze
Batting: RHB Carson Artz 0-0: Swinging Strike
0-1: Called Strike
0-2: Strikes out swinging
Batting: RHB Elijah Giles 0-0: Ball
1-0: Fly out, F9 (Line Drive, 9S, EV 100.6 MPH)
Batting: RHB Bryant Seifert 0-0: Called Strike
0-1: Ball
1-1: Ball
2-1: Ball
3-1: Base on Balls
Batting: SHB Saul Monaco 0-0: Ball
1-0: Ball
2-0: Called Strike
2-1: Ball
3-1: Base on Balls
Bryant Seifert to second
Pitching: RHP A.K. Minnis
Batting: SHB Lincoln Borchardt 0-0: Foul Ball, location: 23FF
0-1: Swinging Strike
0-2: Ball
1-2: SINGLE (Groundball, 34D, EV 102.5 MPH)
Bryant Seifert to third
Saul Monaco to second
Runner from 3rd tries for Home, SAFE, throw by RF to home
Batting: LHB Daniel Lugo 0-0: Ground out 4-3 (Groundball, 4, EV 81.3 MPH)
Top of the 5th over - 1 run, 1 hit, 0 errors, 2 left on base; Greenville 3 - Columbia 1
BOTTOM OF THE 5TH
Columbia Fireflies batting - Pitching for Greenville Drive : RHP Nolan Donovan
Batting: RHB Kyle Frenette 0-0: Swinging Strike
0-1: Foul Ball, location: 9LMF
0-2: Foul Ball, location: 2RF
0-2: Strikes out swinging
Batting: RHB Josh Kinney 0-0: Called Strike
0-1: Swinging Strike
0-2: Fly out, F7 (Flyball, 7, EV 95.6 MPH)
Batting: RHB Travis Gallagher 0-0: Foul Ball, location: 2F
0-1: Ball
1-1: Called Strike
1-2: Ball
2-2: Ball
3-2: Fly out, F8 (Flyball, 8RXD, EV 108.8 MPH)
Bottom of the 5th over - 0 runs, 0 hits, 0 errors, 0 left on base; Greenville 3 - Columbia 1
TOP OF THE 6TH
Greenville Drive batting - Pitching for Columbia Fireflies : RHP A.K. Minnis
Batting: LHB Edgar Villareal 0-0: Called Strike
0-1: Swinging Strike
0-2: Foul Ball, location: 7LSF
0-2: Ball
1-2: Strikes out swinging
Batting: LHB Elvin Helm 0-0: Called Strike
0-1: Ball
1-1: Foul Ball, location: 5SF
1-2: Ball
2-2: Ball
3-2: Base on Balls
Batting: LHB Hector Herrera 0-0: Ball
Elvin Helm is caught stealing 2nd base 2-6
1-0: Ball
2-0: Foul Ball, location: 2F
2-1: Ball
3-1: Ground out 4-3 (Groundball, 34D, EV 80.0 MPH)
Top of the 6th over - 0 runs, 0 hits, 0 errors, 0 left on base; Greenville 3 - Columbia 1
BOTTOM OF THE 6TH
Columbia Fireflies batting - Pitching for Greenville Drive : RHP Nolan Donovan
Pitching: RHP Darin Mitchell
Batting: LHB Alexander Sasso 0-0: Ball
1-0: Fly out, F9 (Flyball, 9LS, EV 89.4 MPH)
Batting: LHB Austin Pantoja 0-0: Ball
1-0: Foul Ball, location: 9LDF
1-1: Ball
2-1: Foul Ball, location: 2F
2-2: Ground out 4-3 (Groundball, 4, EV 76.3 MPH)
Batting: RHB Chris Thurman 0-0: Ball
1-0: Foul Ball, location: 5F
1-1: Foul Ball, location: 2F
1-2: Foul Ball, location: 3SF
1-2: Foul Ball, location: 9LDF
1-2: Ball
2-2: Ball
3-2: DOUBLE (Flyball, 7LM, EV 97.5 MPH)
Batting: SHB Rafael Angeles 0-0: Foul Ball, location: 2F
0-1: Swinging Strike
0-2: DOUBLE (Line Drive, 7LS, EV 106.9 MPH)
Chris Thurman scores
Batting: LHB Mark Gentry 0-0: Called Strike
0-1: Foul Ball, location: 7LSF
0-2: Ball
1-2: Ball
2-2: Ball
3-2: Base on Balls
Pinch Hitting: LHB Julio De Los Santos 0-0: Foul Ball, location: 7LDF
0-1: Swinging Strike
0-2: Ball
1-2: Ground out 2-3 (Groundball, 2L, EV 64.4 MPH)
Bottom of the 6th over - 1 run, 2 hits, 0 errors, 2 left on base; Greenville 3 - Columbia 2
TOP OF THE 7TH
Greenville Drive batting - Pitching for Columbia Fireflies : RHP A.K. Minnis
Now at SS: Colt Shelhamer
Batting: RHB Carson Artz 0-0: Called Strike
0-1: Swinging Strike
0-2: Ball
1-2: Fly out, F8 (Flyball, 89D, EV 103.1 MPH)
Batting: RHB Elijah Giles 0-0: Ball
1-0: Ball
2-0: Foul Ball, location: 2F
2-1: Fly out, F7 (Flyball, 7S, EV 91.9 MPH)
Batting: RHB Bryant Seifert 0-0: Ground out 6-3 (Groundball, 6, EV 86.3 MPH)
Top of the 7th over - 0 runs, 0 hits, 0 errors, 0 left on base; Greenville 3 - Columbia 2
BOTTOM OF THE 7TH
Columbia Fireflies batting - Pitching for Greenville Drive : RHP Darin Mitchell
Batting: RHB Kyle Frenette 0-0: Swinging Strike
0-1: Ball
1-1: Swinging Strike
1-2: Ball
2-2: Ball
3-2: Strikes out looking
Batting: RHB Josh Kinney 0-0: Ball
1-0: Called Strike
1-1: Swinging Strike
1-2: Ball
2-2: Strikes out swinging
Batting: RHB Travis Gallagher 0-0: Called Strike
0-1: Ball
1-1: Swinging Strike
1-2: Ball
2-2: Foul Ball, location: 2F
2-2: Strikes out looking
Bottom of the 7th over - 0 runs, 0 hits, 0 errors, 0 left on base; Greenville 3 - Columbia 2
TOP OF THE 8TH
Greenville Drive batting - Pitching for Columbia Fireflies : RHP A.K. Minnis
Batting: SHB Saul Monaco 0-0: Ball
1-0: DOUBLE (Flyball, 78D, EV 110.0 MPH)
Batting: SHB Lincoln Borchardt 0-0: 2-RUN HOME RUN (Flyball, 9LD, EV 91.9 MPH), Distance : 339 ft
Pitching: LHP Cristobal Batista
Batting: LHB Daniel Lugo 0-0: Ball
1-0: Foul Ball, location: 5FF
1-1: Foul Ball, location: 23F
1-2: Ball
2-2: Ball
3-2: Base on Balls
Batting: LHB Edgar Villareal 0-0: Ball
1-0: Fly out, F7 (Flyball, 7S, EV 85.0 MPH)
Pinch Hitting: LHB D.J. Spencer 0-0: SINGLE (Line Drive, 7S, EV 99.4 MPH)
Daniel Lugo to second
Batting: LHB Hector Herrera 0-0: Ball
1-0: Swinging Strike
1-1: Grounds into double play, 3-6-3 (Groundball, 34, EV 86.3 MPH)
Top of the 8th over - 2 runs, 3 hits, 0 errors, 1 left on base; Greenville 5 - Columbia 2
BOTTOM OF THE 8TH
Columbia Fireflies batting - Pitching for Greenville Drive : RHP Darin Mitchell
Pitching: LHP Gage Graham
Now at 3B: Konner Foster
Pinch Hitting: SHB Ángel Haire 0-0: Ball
1-0: Called Strike
1-1: Ball
2-1: Ball
3-1: Called Strike
3-2: Foul Ball, location: 2F
3-2: Base on Balls
Batting: LHB Austin Pantoja 0-0: Ball
1-0: Ball
2-0: Foul Ball, location: 2RF
2-1: Foul Ball, location: 7LMF
2-2: Ball
3-2: Strikes out swinging
Pitching: LHP Matt Marco
Batting: RHB Chris Thurman 0-0: Foul Ball, location: 9LDF
0-1: Ball
1-1: Foul Ball, location: 9LMF
1-2: Ball
2-2: Ball
3-2: Ground out U3 (Groundball, 34S, EV 64.4 MPH)
Ángel Haire to second
Batting: SHB Rafael Angeles 0-0: Ball
1-0: Ball
2-0: Called Strike
2-1: Foul Ball, location: 2F
2-2: SINGLE (Line Drive, 56D, EV 107.5 MPH)
Ángel Haire to third
Runner from 3rd tries for Home, SAFE, throw by LF to home
Batting: LHB Mark Gentry 0-0: Swinging Strike
0-1: Ball
1-1: Ball
2-1: Ball
3-1: Base on Balls
Rafael Angeles to second
Batting: RHB Colt Shelhamer 0-0: Called Strike
0-1: Ball
1-1: Called Strike
1-2: Ball
2-2: Ball
3-2: Ground out U3 (Groundball, 23, EV 86.9 MPH)
Bottom of the 8th over - 1 run, 1 hit, 0 errors, 2 left on base; Greenville 5 - Columbia 3
TOP OF THE 9TH
Greenville Drive batting - Pitching for Columbia Fireflies : LHP Cristobal Batista
Pitching: RHP Anthony Paddock
Now at 2B: Ángel Haire
Now at 3B: Chris Thurman
Batting: RHB Carson Artz 0-0: Called Strike
0-1: Ball
1-1: Foul Ball, location: 9LMF
1-2: Foul Ball, location: 2F
1-2: Strikes out swinging
Batting: RHB Elijah Giles 0-0: Ball
1-0: Swinging Strike
1-1: Swinging Strike
1-2: Foul Ball, location: 2F
1-2: Foul Ball, location: 2F
1-2: Strikes out swinging
Batting: RHB Bryant Seifert 0-0: Called Strike
0-1: Ball
1-1: SINGLE (Groundball, 6MD, EV 108.8 MPH)
Batting: SHB Saul Monaco 0-0: Called Strike
0-1: Called Strike
0-2: Ball
1-2: Ball
2-2: Strikes out swinging
Top of the 9th over - 0 runs, 1 hit, 0 errors, 1 left on base; Greenville 5 - Columbia 3
BOTTOM OF THE 9TH
Columbia Fireflies batting - Pitching for Greenville Drive : LHP Matt Marco
Pitching: RHP Ethan Stole
Batting: RHB Kyle Frenette 0-0: Ground out 4-3 (Groundball, 34, EV 98.1 MPH)
Batting: RHB Josh Kinney 0-0: Foul Ball, location: 3DF
0-1: Ball
1-1: Ball
2-1: Ball
3-1: Foul Ball, location: 3SF
3-2: SINGLE (Groundball, 6MD, EV 94.4 MPH)
Pinch Hitting: LHB Brantley Dimitrova 0-0: Ball
1-0: Called Strike
1-1: Ball
2-1: Ground out U3 (Groundball, 3, EV 103.8 MPH)
Josh Kinney to second
Batting: SHB Ángel Haire 0-0: Ball
1-0: Foul Ball, location: 2F
1-1: Foul Ball, location: 2F
1-2: Foul Ball, location: 5F
1-2: DOUBLE (Line Drive, 9LM, EV 107.5 MPH)
Josh Kinney scores
Batting: LHB Austin Pantoja 0-0: Called Strike
0-1: Called Strike
0-2: Strikes out swinging
Bottom of the 9th over - 1 run, 2 hits, 0 errors, 1 left on base; Greenville 5 - Columbia 4
Tuesday, April 23rd , 2024 - OOTP Baseball 24.11 Build 85